 Dungeon Crawl Stone Soup version 0.26.0-15-gc6cd9f7 (webtiles) character file.

Game seed: 827788305398659126

2920 enarc13 the Carver (level 9, 0/70 HPs)
             Began as a Ghoul Fighter on Jan 20, 2021.
             Was a Follower of Makhleb.
             Slain by Harold
             ... wielding a +0 battleaxe
              (21 damage)
             ... on level 8 of the Dungeon.
             The game lasted 00:12:57 (9278 turns).

enarc13 the Carver (Ghoul Fighter)                  Turns: 9278, Time: 00:12:58

Health: 0/70       AC: 21    Str: 20    XL:     9   Next: 79%
Magic:  13/13      EV:  3    Int:  6    God:    Makhleb [*.....]
Gold:   338        SH:  8    Dex:  8    Spells: 8/8 levels left

rFire    . . .     SeeInvis .   a - +0 long sword
rCold    + . .     Faith    .   c - +0 kite shield
rNeg     + + +     Spirit   .   G - +0 plate armour
rPois    ∞         Reflect  .   i - +2 helmet
rElec    .         Harm     .   (no cloak)
rCorr    .         Rampage  .   B - +0 pair of gloves
Will     .....                  v - +1 pair of boots
Stlth    ..........             (no amulet)
HPRegen  0.00/turn              (no ring)
MPRegen  0.13/turn              x - +4 ring of protection

@: mighty, marked
A: claws 1, cold resistance 1, negative energy resistance 3, inhibited
regeneration, torment resistance, unbreathing
a: Renounce Religion


You were on level 8 of the Dungeon.
You worshipped Makhleb.
Makhleb was aware of your devotion.
You visited 2 branches of the dungeon, and saw 9 of its levels.
You also visited: Sewer.

You collected 338 gold pieces.

Inventory:

Hand Weapons
 a - a +0 long sword (weapon)
 y - the +7 lajatang of Order {silver, rMut}
   (You found it on level 5 of the Dungeon)

   It protects you from mutation.
Missiles
 j - 233 stones (quivered)
 m - 66 sling bullets
 r - 6 boomerangs
 s - 32 poisoned darts
 w - 5 curare-tipped darts
 A - 29 arrows
 E - 22 bolts
Armour
 c - a +0 kite shield (worn)
 i - a +2 helmet (worn)
   (You found it on level 1 of the Dungeon)
 v - a +1 pair of boots (worn)
   (You found it on level 3 of the Dungeon)
 B - a +0 pair of gloves (worn)
   (You found it on level 5 of the Dungeon)
 G - a +0 plate armour (worn)
   (You took it off an orc warrior on level 7 of the Dungeon)
Jewellery
 u - an uncursed ring of fire {rF+, rC-}
   (You found it on level 3 of the Dungeon)
 x - a +4 ring of protection (right hand)
   (You found it on level 3 of the Dungeon)
Wands
 b - a wand of random effects (26)
   (You found it on level 7 of the Dungeon)
 l - a wand of flame (33)
   (You took it off Ijyb on level 4 of the Dungeon)
 I - a wand of iceblast (5)
   (You found it on level 8 of the Dungeon)
Scrolls
 e - 11 scrolls of teleportation
 g - 4 scrolls of fear
 k - 7 scrolls of remove curse
 q - a scroll of amnesia
 t - a scroll of immolation {!r}
 D - a scroll of fog
 F - 2 scrolls of identify
Potions
 d - 4 potions of might
 f - 2 potions of flight
 h - a potion of ambrosia
 n - 2 potions of curing
 o - 2 potions of brilliance
 p - a potion of resistance
 z - a potion of magic
 C - a potion of attraction {!q}
 H - a potion of heal wounds


   Skills:
 - Level 3.2 Fighting
 * Level 10.6 Long Blades
 - Level 2.6 Armour
 - Level 2.6 Shields
 + Level 6.9 Invocations


You had 8 spell levels left.
You didn't know any spells.
Your spell library contained the following spells:

 Spells                   Type           Power        Failure   Level
 Animate Skeleton         Necr           0%           100%        1
 Apportation              Tloc           0%           100%        1
 Corona                   Hex            0%           100%        1
 Summon Small Mammal      Summ           0%           100%        1
 Ensorcelled Hibernation  Hex/Ice        0%           100%        2
 Confusing Touch          Hex            0%           100%        3
 Dazzling Flash           Conj/Hex       0%           100%        3
 Tukima's Dance           Hex            0%           100%        3


Dungeon Overview and Level Annotations

Branches:
Dungeon (8/15)             Temple (1/1) D:4           Sewer (visited)
   Lair: D:8-11

Altars:
Cheibriados
Elyvilon
Fedhas
Gozag
Hepliaklqana
Kikubaaqudgha
Makhleb
Okawaru
Qazlal
Sif Muna
Trog
Vehumet
Wu Jian
Xom
Yredelemnul

Shops:
D:5 ?

Annotations:
D:7 2 transporters, Hyacinth's ghost, amateur TrBe
D:8 Harold


Innate Abilities, Weirdness & Mutations

You thrive by killing the living.
You are immune to poison.
You have sharp fingernails.
Your flesh is cold resistant. (rC+)
You are immune to negative energy. (rN+++)
You do not regenerate when monsters are visible.
You are immune to unholy pain and torment.
You can survive without breathing.


Message History

The hound skeleton bites you but does no damage.
You slash the hound skeleton!
The hound skeleton is severely damaged.
The hound skeleton bites you but does no damage. x2
You hit the hound skeleton.
You destroy the hound skeleton!
Makhleb accepts your kill.
You feel better.
No target in view!
No target in view!
As you open the door, it creaks loudly!
There is an open door here.
There is an open door here.
You pick up a book of Cantrips and begin reading...
You add the spells Animate Skeleton, Summon Small Mammal and Apportation to your library.
You open the door.
Found a stone staircase leading up.
There is an open door here.
You open the door.
There is an open door here.
You open the large door.
Found an ornate altar of the Wu Jian Council.
Found an escape hatch in the floor.
There is a large open door here.
You open the door.
There is an open door here.
You open the door.
An ogre and Harold come into view.
Harold is wielding a +0 battleaxe, wearing a +2 scale mail of fire resistance and carrying a wand of iceblast (6).
Harold shouts!
The ogre shouts!
Harold throws a throwing net.
The throwing net hits you.
You become entangled in the net!
Unknown command.
You struggle against the net.
You struggle against the net.
Harold zaps a wand.
The mass of ice explodes!
The iceblast engulfs you. You partially resist.
You hear a shout!
You hear an angry hiss.
You hear a shout! x2
You struggle against the net.
You rip the net and break free!
Unknown command.
An orc priest comes into view. It is wielding a +0 hand axe.
Harold says happily, "The price on your head will fill my nest egg nicely!"
Harold zaps a wand.
The mass of ice explodes!
The iceblast engulfs you! You partially resist.
You hear a shout!
You hear an angry hiss.
You slash the ogre!
The ogre is moderately wounded.
The ogre hits you with a +0 giant club.
You slash the ogre!
The ogre is severely wounded.
The ogre hits you with a +0 giant club.
You hit the ogre.
The ogre is severely wounded.
The ogre hits you with a +0 giant club!
Evoke which item? (* to show all) (? for menu, Esc to quit)
Aiming: Iceblast
Press: ? - help, Shift-Dir - straight line, f - ogre
Aim: an ogre, wielding a +0 giant club (severely wounded)
The mass of ice explodes!
The iceblast engulfs the ogre!
You kill the ogre!
Makhleb accepts your kill.
You feel better.
The iceblast engulfs Harold!
Harold is moderately wounded.
You hear an angry hiss.
Harold throws a throwing net.
The throwing net hits you.
You become entangled in the net!
You struggle against the net.
Harold zaps a wand.
The mass of ice explodes!
The iceblast engulfs you! You partially resist.
You struggle against the net.
Unknown command.
You shred the net and break free!
The orc priest hits you but does no damage.
You slash the orc priest!
The orc priest is severely wounded.
The orc priest looks satisfied for a moment.
You hit the orc priest.
The orc priest is almost dead.
The orc priest hits you but does no damage.
You closely miss the orc priest.
The orc priest is almost dead.
You hit Harold but do no damage.
Harold is lightly wounded.
You feel very mighty all of a sudden. Harold hits you with a +0 battleaxe!
You hit Harold.
Harold is moderately wounded.
The orc priest invokes the aid of Beogh against you.
Beogh smites you!
* * * LOW HITPOINT WARNING * * *
Harold casts a spell at you. A sentinel's mark forms upon you.
You hit Harold.
Harold is moderately wounded.
Harold hits you but does no damage.
You slash Harold!
Harold is heavily wounded.
You hit Harold.
Harold is heavily wounded.
Harold hits you with a +0 battleaxe!!
You die...

#......# .....##+## ###......#
#....##....#.... #....#.....####
#....##....#.... #....#...o.#
#....##....#.... #....#.....#
#....##....#.... #....#.....#
#....#.....#.... #....#...@.#
##....+.....####' #....#.....#
###.....#.......... #....#.....#
#.@................
#....'.....###@######...........
######.......)o#≈≈≈≈#.##########
########..#§>.§'.# #..#≈_.≈'.#
#..#≈≈≈≈#.# #..######.#
#.........# ###########


You could see Harold and an orc priest.

Vanquished Creatures
  Pikel (D:7)
  Grinder (D:6)
  Edmund (D:6)
  Purgy (Sewer)
  An orc warrior (D:7)
  2 ice beasts
  A sky beast (D:8)
  4 ogres
  A centaur (D:7)
  2 bullfrogs
  2 gnoll sergeants (D:6)
  3 scorpions (D:6)
  2 howler monkeys
  A bullfrog zombie (D:5)
  A centaur zombie (D:5)
  A jelly (D:5)
  2 orc priests
  2 orc wizards
  3 centaur skeletons
  Ijyb (D:4)
  5 worker ants
  A hound skeleton (D:8)
  2 worker ant zombies
  9 gnolls (D:6)
  12 adders
  A white imp (D:7)
  An ooze (D:1)
  An adder skeleton (D:4)
  2 worms
  4 dart slugs
  6 leopard geckos
  22 orcs
  4 giant cockroaches
  7 goblins
  11 hobgoblins
  8 jackals
  3 kobolds
  A quokka (D:7)
  5 ball pythons
  8 bats
  9 frilled lizards
  2 quokka skeletons (D:4)
  8 rats
165 creatures vanquished.

Vanquished Creatures (others)
  3 withered plants (D:4)
3 creatures vanquished.

Grand Total: 168 creatures vanquished

Notes
Turn   | Place    | Note
-------+----------+-------------------------------------------
     0 | D:1      | enarc13 the Ghoul Fighter began the quest for the Orb.
     0 | D:1      | Reached XP level 1. HP: 19/19 MP: 0/0
    90 | D:1      | Reached skill level 2 in Long Blades
   313 | D:1      | Reached XP level 2. HP: 25/26 MP: 1/1
   922 | D:2      | Reached skill level 3 in Long Blades
   928 | D:1      | Reached XP level 3. HP: 30/31 MP: 2/2
  1211 | D:2      | Found a bloodstained altar of Trog.
  1213 | D:2      | Found a white marble altar of Elyvilon.
  1242 | D:2      | Reached XP level 4. HP: 37/38 MP: 3/3
  1513 | D:2      | Reached skill level 4 in Long Blades
  1969 | D:3      | Reached XP level 5. HP: 41/45 MP: 4/4
  2411 | D:3      | Reached skill level 5 in Long Blades
  2912 | D:4      | Reached XP level 6. HP: 23/51 MP: 5/5
  3166 | D:4      | Found an ancient bone altar of Kikubaaqudgha.
  3301 | D:4      | Found a glowing drain.
  3313 | Sewer    | Entered a sewer
  3365 | Sewer    | Noticed Purgy
  3383 | Sewer    | Killed Purgy
  3384 | Sewer    | Reached skill level 6 in Long Blades
  3597 | D:4      | Found a staircase to the Ecumenical Temple.
  3611 | Temple   | Entered the Ecumenical Temple
  3708 | Temple   | Became a worshipper of Makhleb the Destroyer
  3916 | D:4      | Reached XP level 7. HP: 55/57 MP: 6/6
  3936 | D:4      | Noticed Ijyb
  3968 | D:4      | Killed Ijyb
  3969 | D:4      | Reached skill level 1 in Invocations
  4127 | D:5      | Entered Level 5 of the Dungeon
  4127 | D:5      | Found the +7 lajatang of Order {silver, rMut}
  4240 | D:5      | HP: 10/57 [ogre/+0 giant club (6)]
  4254 | D:4      | Reached skill level 7 in Long Blades
  4523 | D:5      | Reached skill level 2 in Invocations
  4590 | D:5      | Found Pappotodd's Magic Scroll Shop.
  4793 | D:5      | Found a hazy altar of Hepliaklqana.
  4855 | D:5      | Found an ancient bone altar of Kikubaaqudgha.
  5113 | D:6      | Reached XP level 8. HP: 57/63 MP: 7/9
  5173 | D:6      | Reached skill level 3 in Invocations
  5194 | D:6      | Reached * piety under Makhleb
  5408 | D:6      | Reached skill level 8 in Long Blades
  5541 | D:6      | Noticed Grinder
  5555 | D:6      | Paralysed by Grinder for 2 turns
  5576 | D:6      | Reached skill level 4 in Invocations
  5590 | D:6      | Paralysed by Grinder for 2 turns
  5621 | D:6      | Killed Grinder
  5921 | D:6      | Reached skill level 9 in Long Blades
  5927 | D:6      | HP: 15/63 [gnoll sergeant/+0 trident (2)]
  5934 | D:6      | HP: 12/63 [gnoll sergeant/+0 trident (7)]
  5934 | D:6      | HP: 5/63 [gnoll/+0 halberd (7)]
  5942 | D:6      | HP: 15/63 [gnoll/+0 spear (3)]
  5954 | D:6      | HP: 5/63 [gnoll/+0 halberd (9)]
  5959 | D:6      | Noticed Edmund
  5986 | D:6      | HP: 1/63 [Edmund/+2 flail of draining (4)]
  6407 | D:6      | Reached skill level 5 in Invocations
  6577 | D:6      | Killed Edmund
  6578 | D:6      | Reached XP level 9. HP: 63/70 MP: 11/11
  8096 | D:7      | Noticed Pikel
  8134 | D:7      | Killed Pikel
  8135 | D:7      | Reached skill level 10 in Long Blades
  8135 | D:7      | Reached skill level 6 in Invocations
  8822 | D:7      | Found a transporter.
  8829 | D:7      | Noticed a moth of wrath
  8832 | D:7      | Noticed Hyacinth's ghost (amateur TrBe)
  8843 | D:7      | Found a transporter.
  8913 | D:7      | Found a shimmering altar of Xom.
  9097 | D:8      | Found an iron altar of Okawaru.
  9211 | D:8      | Found an ornate altar of the Wu Jian Council.
  9244 | D:8      | Noticed Harold
  9278 | D:8      | Slain by Harold

Illustrated notes

Levels and vault maps discovered:
D:1:      scummos_arrival_hexagon, layout_loops_corners
D:2:      layout_rooms, chequers_temple_overflow_statue_of_worship
D:3:      layout_loops_ring
D:4:      layout_basic, kiku_gazebo_garden_becter,
          minmay_temple_entry_proselytizer, portal_sewer_entry_b, uniq_ijyb
D:5:      layout_rooms, lemuel_round_altar, serial_shops, nicolae_shop_stone,
          basic_altar
D:6:      layout_cave_pods, uniq_edmund, uniq_grinder
D:7:      layout_basic, xom_butterflies, gammafunk_ghost_berserking_beasts,
          uniq_pikel
D:8:      layout_gridville, general_overflow_altar, nicolae_ru_awakened_eye,
          overflow_temple_1_default, serial_shops, kennysheep_mini, eino_jars,
          uniq_maggie, uniq_gastronok, uniq_harold
Temple:   nicolae_temple_hex_pool

Skill      XL: |  1  2  3  4  5  6  7  8  9 |
---------------+----------------------------+-----
Long Blades    | 2 3 4 5 6 7 9 10 | 10.6
Invocations    | 2 5 6 |  6.9
Fighting       | |  3.2
Armour         | |  2.6
Shields        | |  2.6

Action                   |  1- 3 |  4- 6 |  7- 9 || total
-------------------------+-------+-------+-------++-------
Melee: Long sword        |    95 |   252 |   493 ||   840
Throw: Stone             |    20 |    45 |    49 ||   114
       Dart              |       |       |     2 ||     2
Evoke: Wand              |       |       |     1 ||     1
  Use: Scroll            |       |    12 |     7 ||    19
       Potion            |       |     3 |     3 ||     6
Armor: Scale mail        |    48 |   130 |   220 ||   398
       Plate armour      |       |       |    18 ||    18
Dodge: Dodged            |    30 |    79 |   125 ||   234
Block: Kite shield       |    49 |   103 |   160 ||   312
       Rpst.: Long sword |     9 |    19 |    39 ||    67

Table legend: (Time is in decaauts)
 A = Elapsed time spent in this place.
 B = Non-inter-level travel time spent in this place.
 C = Inter-level travel time spent in this place.
 D = Time resting spent in this place.
 E = Time spent auto-exploring this place.
 F = Levels seen in this place.
 G = Mean time per level.
                   A        B        C        D        E       F      G
               +--------+--------+--------+--------+--------+-----+--------+
         Total |   9446 |   8745 |    701 |   1496 |   4850 |  10 |  944.6 |
       Dungeon |   9034 |   8363 |    671 |   1496 |   4593 |   8 | 1129.2 |
        Temple |    127 |     97 |     30 |      0 |     91 |   1 |  127.0 |
         Sewer |    284 |    284 |      0 |      0 |    165 |   1 |  284.0 |
               +--------+--------+--------+--------+--------+-----+--------+

Top non-repeatable levels by time:
     D:6: 2425 daAuts
     D:7: 1232 daAuts
     D:4: 1196 daAuts
     D:3: 1147 daAuts
     D:5: 1054 daAuts
     D:1: 985 daAuts
     D:2: 768 daAuts
   Sewer: 284 daAuts
     D:8: 223 daAuts
  Temple: 127 daAuts

Table legend:
 A = Kills in this place as a percentage of kills in entire the game.
 B = Kills by you in this place as a percentage of kills by you in the entire game.
 C = Kills by friends in this place as a percentage of kills by friends in the entire game.
 D = Other kills in this place as a percentage of other kills in the entire game.
 E = Experience gained in this place as a percentage of experience gained in the entire game.
 F = Experience gained in this place divided by the number of levels of this place that you have seen.
                   A       B       C       D       E      F
               +-------+-------+-------+-------+-------+----------------------
         Total | 100.0 | 100.0 |   N/A |   N/A | 100.0 | 417.2
       Dungeon |  94.5 |  94.5 |   N/A |   N/A |  96.2 | 501.8
         Sewer |   5.5 |   5.5 |   N/A |   N/A |   3.8 | 158.0
               +-------+-------+-------+-------+-------+----------------------
